 Dungeon Crawl Stone Soup version 0.31-a0-40-g1d5085d191 (webtiles) character file.

Game seed: 12827659466033724320

1 lunkers the Ducker (level 1, -1/16 HPs)
             Began as a Meteoran Wanderer on May 17, 2023.
             Slain by a giant cockroach (2 damage)
             ... on level 1 of the Dungeon.
             The game lasted 00:00:51 (250 turns).

lunkers the Ducker (Meteoran Wanderer)               Turns: 250, Time: 00:00:51

Health: -1/16      AC:  3    Str: 10    XL:     1   Next: 28%
Magic:  5/5        EV: 13    Int: 13    God:
Gold:   49         SH:  0    Dex: 16    Spells: 4/5 levels left

rFire   . . .        a - +0 dagger
rCold   . . .        (no shield)
rNeg    . . .        f - +0 robe
rPois   .            d - +0 helmet
rElec   .            (no cloak)
rCorr   .            (no gloves)
SInv    .            (no boots)
Will    .....        (no amulet)
Stlth   +            (no ring)
HPRegen 0.22/turn    (no ring)
MPRegen 0.09/turn

%: no passive effects
@: glowing
A: sense surroundings 1, otherworldly, glowing, explore regen
a: no special abilities


You were on level 1 of the Dungeon.
You visited 1 branch of the dungeon, and saw 1 of its levels.

You collected 49 gold pieces.

Inventory:

Hand Weapons
 a - a +0 dagger (weapon)
Missiles
 b - 2 atropa-tipped darts
 c - a datura-tipped dart
Armour
 d - a +0 helmet (worn)
 f - a +0 robe (worn)
Jewellery
 i - a +6 ring of intelligence
Scrolls
 e - a scroll of blinking
 g - 2 scrolls of identify {unknown}
 h - a scroll of poison {unknown}
 l - a scroll of enchant armour {unknown}
Potions
 j - a potion of brilliance {unknown}
 k - a potion of might {unknown}


   Skills:
 + Level 1.3 Fighting
 - Level 3.6 Dodging
 - Level 2.9 Stealth
 - Level 2.6 Spellcasting


You had 4 spell levels left.
You knew the following spells:

 Your Spells              Type           Power      Damage    Failure   Level
p - Foxfire               Conj/Fire      4%         2x1d4     24%         1

Your spell library contained the following spells:

 Spells                   Type           Power      Damage    Failure   Level
 Ignite Poison            Fire/Tmut/Pois 1%         N/A       56%         3


Dungeon Overview and Level Annotations

Branches:
Dungeon (1/15) Zot: 349

Altars:


Innate Abilities, Weirdness & Mutations

You passively map a small area around you.
You are easily found by Zot.
You glow in the dark.
You regain HP and MP as you explore.


Message History

The giant cockroach barely misses you.
You barely miss the giant cockroach.
The giant cockroach is severely wounded.
The giant cockroach closely misses you. The endoplasm hits you.
You closely miss the giant cockroach.
The giant cockroach is severely wounded.
The giant cockroach bites you. The endoplasm freezes you.
You are frozen.
You hit the giant cockroach but do no damage.
The giant cockroach is severely wounded.
The giant cockroach bites you. x2
* * * LOW HITPOINT WARNING * * *
The endoplasm freezes you.
You are frozen.
* * * LOW HITPOINT WARNING * * *
You hit the giant cockroach but do no damage.
The giant cockroach is severely wounded.
The giant cockroach bites you but does no damage.
The endoplasm barely misses you.
You hit the giant cockroach but do no damage.
The giant cockroach is severely wounded.
The giant cockroach bites you but does no damage.
The endoplasm freezes you.
You are frozen.
* * * LOW HITPOINT WARNING * * *
You hit the giant cockroach but do no damage.
The giant cockroach is severely wounded.
The giant cockroach closely misses you. The endoplasm misses you.
Unknown command.
You hit the giant cockroach.
The giant cockroach is severely wounded.
The giant cockroach bites you but does no damage.
The endoplasm hits you.
* * * LOW HITPOINT WARNING * * *
You hit the giant cockroach but do no damage.
The giant cockroach is severely wounded.
The giant cockroach bites you but does no damage.
The giant cockroach bites you.
You die...

......## ##.......# *
.#.##.# #.###...#
.#.#..## ##.###...#####
.#.#...####...........>.
* , *
...#....................
.####.####..............
.# #.......##.#....### *
## #.########.#....# #.#
#.#@>..# #####.#
#.#BJ..# #.....#
#.#....# #.#####
#......# * , #.#
##.#.#.# * , * #.# *
#.,.#.# * ..# ,, , #.
##.# , * ### * ** .. , *
, ,


You could see an endoplasm and a giant cockroach.

Vanquished Creatures
  An endoplasm (D:1)
1 creature vanquished.

Notes
Turn   | Place    | Note
-------+----------+-------------------------------------------
     0 | D:1      | lunkers the Meteoran Wanderer began the quest for the Orb.
     0 | D:1      | lunkers set off with the following items: a +0 dagger, 2
                  | atropa-tipped darts, a datura-tipped dart, a +0 helmet, a
                  | scroll of blinking, a +0 robe; and the following spell
                  | memorised: Foxfire; and the following spells available to
                  | memorise: Ignite Poison.
     0 | D:1      | Reached XP level 1. HP: 16/16 MP: 5/5
   250 | D:1      | Slain by a giant cockroach

Illustrated notes

Levels and vault maps discovered:
D:1:      dpeg_arrival_pits, layout_loops_cross, minmay_3d_cube

Action                     || total
---------------------------++-------
  Melee: Dagger            ||    14
 Armour: Robe              ||     7
  Dodge: Dodged            ||     7

Table legend: (Time is in decaauts)
 A = Elapsed time spent in this place.
 B = Non-inter-level travel time spent in this place.
 C = Inter-level travel time spent in this place.
 D = Time resting spent in this place.
 E = Time spent auto-exploring this place.
 F = Levels seen in this place.
 G = Mean time per level.
                   A        B        C        D        E       F      G
               +--------+--------+--------+--------+--------+-----+--------+
         Total |    250 |    250 |      0 |      0 |    218 |   1 |  250.0 |
       Dungeon |    250 |    250 |      0 |      0 |    218 |   1 |  250.0 |
               +--------+--------+--------+--------+--------+-----+--------+

Top non-repeatable levels by time:
     D:1: 250 daAuts
